 Dungeon Crawl Stone Soup version 0.31-a0-965-g8a8ce12e04 (webtiles) character file.

Game seed: 8176544897502516960

1190 tsujin the Magician (level 8, -7/58 HPs)
             Began as a Djinni Conjurer on Oct 26, 2023.
             Mangled by a black bear (8 damage)
             ... on level 5 of the Dungeon.
             The game lasted 00:15:32 (5001 turns).

tsujin the Magician (Djinni Conjurer)               Turns: 5001, Time: 00:15:33

Health: -7/58      AC:  4    Str:  6    XL:     8   Next: 71%
Gold:   220        EV: 13    Int: 22    God:
                   SH:  0    Dex: 12

rFire   + + +        g - +2 dagger (drain)
rCold   . . .        (no shield)
rNeg    + . .        a - +1 robe
rPois   ∞            o - +0 helmet
rElec   .            (no cloak)
rCorr   .            (no gloves)
SInv    .            (boots unavailable)
Will    .....        (no amulet)
Stlth   ++           e - ring of positive energy
HPRegen 0.29/turn    b - ring of protection from cold
MPRegen 0.00/turn

%: infuse magic (-8 HP)
@: flying
A: sickness immunity, fire resistance 3, cold vulnerability 1, float, innate
caster, HP casting, extra vitality 1
a: no special abilities


You were on level 5 of the Dungeon.
You visited 1 branch of the dungeon, and saw 5 of its levels.
You also visited: Sewer.

You collected 220 gold pieces.

Inventory:

Hand Weapons
 g - a +2 dagger of draining (weapon)
Missiles
 j - 2 curare-tipped darts
Armour
 a - a +1 robe (worn)
 o - a +0 helmet (worn)
Jewellery
 b - a ring of protection from cold (right hand)
 e - a ring of positive energy (left hand)
Wands
 f - a wand of digging (6)
 i - a wand of mindburst (13)
 q - a wand of light (10)
Potions
 c - a potion of might {unknown}
 d - a potion of berserk rage
 h - a potion of brilliance
 k - 2 potions of heal wounds {unknown}
 l - a potion of cancellation
 m - a potion of resistance
 n - a potion of mutation
 p - a potion of haste {unknown}
 r - a potion of lignification {unknown}


   Skills:
 + Level 3.9 Fighting
 + Level 5.0 Dodging
 + Level 4.0 Stealth
 * Level 6.0 Spellcasting
 * Level 6.0 Conjurations
 * Level 6.0 Hexes
   Level 0.0 Charms
 * Level 6.0 Summonings
 * Level 6.0 Necromancy
 * Level 6.0 Translocations
 * Level 6.0 Transmutations
 * Level 6.0 Fire Magic
 * Level 6.0 Ice Magic
 * Level 6.0 Air Magic
 * Level 6.0 Earth Magic
 * Level 6.0 Poison Magic


You knew the following spells:

 Your Spells              Type           Power      Damage    Failure   Level
a - Magic Dart            Conj           100%       1d8       1%          1
b - Searing Ray           Conj           66%        2d6       1%          2
c - Dazzling Flash        Conj/Hex       66%        N/A       2%          3
d - Fulminant Prism       Conj/Hex       16%        3d10      8%          4
e - Iskenderun's Mystic   Conj/Tloc      33%        2d8       8%          4
f - Slow                  Hex            100%       N/A       1%          1
g - Ensorcelled Hibernat  Hex/Ice        66%        N/A       1%          2
h - Wereblood             Tmut           33%        N/A       1%          2
Your spell library was empty.

Dungeon Overview and Level Annotations

Branches:
Dungeon (5/15)              Sewer (visited)
 Temple: D:4-7

Altars:
Gozag

Annotations:
D:3 1 runed translucent door, Crazy Yiuf


Innate Abilities, Weirdness & Mutations

You are immune to sickness and miasma.
You are immune to poison.
Your flesh is almost immune to the effects of heat. (rF+++)
You are vulnerable to cold. (rC-)
You float through the air rather than walking.
You learn spells naturally, not from books.
Your magical power is your life essence.
You have superior vitality. (+4 MHP)


Message History

The searing ray hits the black bear.
The black bear is almost dead.
You finish channelling your searing ray.
The black bear closely misses you.
The black bear claws you but does no damage.
The black bear claws you.
You take 4 damage, and have 50/58 hp.
The black bear bites you! The black bear closely misses you.
The black bear barely misses you. x2; The black bear closely misses you.
The black bear claws you.
You take 11 damage, and have 39/58 hp.
Casting: Searing Ray (safe; 1% risk of failure)
Confirm with . or Enter, or press ? or * to list all spells.
Aiming: Magic Dart (safe; 1% risk of failure)
Press: ? - help, Shift-Dir - straight line, f/p - black bear
Aim: a black bear (almost dead, berserk, 100% to hit)
The magic dart hits the black bear.
The black bear is almost dead.
The black bear bites you! The black bear claws you. x2
You take 19 damage, and have 20/58 hp.
MASSIVE DAMAGE!!
Casting: Magic Dart (safe; 1% risk of failure)
Confirm with . or Enter, or press ? or * to list all spells.
Aiming: Magic Dart (safe; 1% risk of failure)
Press: ? - help, Shift-Dir - straight line, f/p - black bear
Aim: a black bear (almost dead, berserk, 100% to hit)
The magic dart hits the black bear.
The black bear is almost dead.
The black bear bites you. The black bear claws you. x2
* * * LOW HITPOINT WARNING * * *
The black bear bites you!
* * * LOW HITPOINT WARNING * * *
The black bear claws you.
* * * LOW HITPOINT WARNING * * *
The black bear misses you.
You take 19 damage, and have 1/58 hp.
MASSIVE DAMAGE!!
It was a potion of mutation.
You feel extremely strange.
You feel more resistant to heat.
Your connection to magic feels subdued.
Your magic regains its normal vibrancy.
The black bear bites you!
You die...

.#.............#
...............## #####
...###########..##.....
..## ##....# #.#
#...#####.##. #.#
#.....#.......... ..
..#######.####### ##..
#####.###### # ##
#..@.......# .
#..h######## #...##
#.... #..#. #.... #..
## ...


You could see a black bear (berserk).

Vanquished Creatures
  A centaur (D:4)
  2 phantoms
  3 kobold brigands (Sewer)
  2 scorpions (D:4)
  3 orc priests
  4 jellies
  2 hounds (D:4)
  A sleepcap (D:4)
  2 iguanas (D:4)
  An orc wizard (D:5)
  8 gnolls
  5 adders
  A river rat (D:3)
  2 worms (D:3)
  2 dart slugs
  20 orcs
  9 bats
  7 endoplasms
  8 giant cockroaches
  9 hobgoblins
  4 jackals (D:3)
  6 quokkas
  8 ball pythons
  4 frilled lizards (D:1)
  7 goblins
  15 kobolds
  5 rats
141 creatures vanquished.

Vanquished Creatures (others)
  11 fulminant prisms
11 creatures vanquished.

Grand Total: 152 creatures vanquished

Notes
Turn   | Place    | Note
-------+----------+-------------------------------------------
     0 | D:1      | tsujin the Djinni Conjurer began the quest for the Orb.
     0 | D:1      | tsujin set off with the following spells memorised: Magic
                  | Dart, Searing Ray, Dazzling Flash, Fulminant Prism,
                  | Iskenderun's Mystic Blast.
     0 | D:1      | Reached XP level 1. HP: 15/15 MP: 0/0
    43 | D:1      | Reached XP level 2. HP: 20/21 MP: 0/0
   287 | D:1      | Reached XP level 3. HP: 14/25 MP: 0/0
   287 | D:1      | Learned a level 1 spell: Slow
   413 | D:1      | Found a faded altar of an unknown god.
   945 | D:2      | Reached XP level 4. HP: 25/31 MP: 0/0
   965 | D:2      | Reached skill level 1 in Fighting
  1468 | D:3      | Reached XP level 5. HP: 35/37 MP: 0/0
  1468 | D:3      | Learned a level 2 spell: Ensorcelled Hibernation
  1532 | D:3      | Found a runed translucent door.
  1533 | D:3      | Noticed Crazy Yiuf
  1631 | D:3      | Found an opulent altar of Gozag.
  2117 | D:3      | Found a glowing drain.
  2129 | Sewer    | Entered a sewer
  2173 | Sewer    | Noticed a kobold brigand
  2179 | Sewer    | Killed a kobold brigand
  2180 | Sewer    | Reached XP level 6. HP: 35/43 MP: 0/0
  2617 | Sewer    | Reached XP level 7. HP: 21/49 MP: 0/0
  2617 | Sewer    | Learned a level 2 spell: Wereblood
  3344 | D:4      | Reached skill level 5 in Spellcasting
  3344 | D:4      | Reached skill level 5 in Conjurations
  3344 | D:4      | Reached skill level 5 in Hexes
  3344 | D:4      | Reached skill level 5 in Summonings
  3344 | D:4      | Reached skill level 5 in Necromancy
  3344 | D:4      | Reached skill level 5 in Translocations
  3344 | D:4      | Reached skill level 5 in Transmutations
  3344 | D:4      | Reached skill level 5 in Fire Magic
  3344 | D:4      | Reached skill level 5 in Ice Magic
  3344 | D:4      | Reached skill level 5 in Air Magic
  3344 | D:4      | Reached skill level 5 in Earth Magic
  3344 | D:4      | Reached skill level 5 in Poison Magic
  3794 | D:4      | Reached XP level 8. HP: 49/56 MP: 0/0
  4218 | D:5      | Entered Level 5 of the Dungeon
  4855 | D:5      | Reached skill level 5 in Dodging
  5000 | D:5      | HP: 1/58 [black bear (6)]
  5001 | D:5      | Gained mutation: Your flesh is almost immune to the effects
                  | of heat. (rF+++) [potion of mutation]
  5001 | D:5      | Gained mutation: Your spells are a little easier to cast,
                  | but a little less powerful. [potion of mutation]
  5001 | D:5      | Lost mutation: Your spells are a little easier to cast, but
                  | a little less powerful. [potion of mutation]
  5001 | D:5      | Mangled by a black bear

Illustrated notes

Levels and vault maps discovered:
D:1:      wander_arrival_chamber, layout_loops_ring,
          ebering_ecumenical_altar_webs, serial_rivers,
          chequers_serial_rivers_small_a, chequers_serial_rivers_micro_a,
          chequers_serial_rivers_large_b, chequers_serial_rivers_micro_d,
          chequers_serial_rivers_small_3, chequers_serial_rivers_micro_b,
          hangedman_decor_push, st_stairs_14
D:2:      layout_basic
D:3:      layout_basic, mainiacjoe_overflow_catwalk, portal_sewer_entry_b,
          uniq_crazy_yiuf_cottage
D:4:      layout_rooms
D:5:      layout_rooms, minmay_temple_entry_statues_pillars

Skill      XL: |  1  2  3  4  5  6  7  8 |
---------------+-------------------------+-----
Spellcasting   | 4 5 6 |  6.0
Conjurations   | 4 5 6 |  6.0
Hexes          | 4 5 6 |  6.0
Summonings     | 4 5 6 |  6.0
Necromancy     | 4 5 6 |  6.0
Translocations | 4 5 6 |  6.0
Transmutations | 4 5 6 |  6.0
Fire Magic     | 4 5 6 |  6.0
Ice Magic      | 4 5 6 |  6.0
Air Magic      | 4 5 6 |  6.0
Earth Magic    | 4 5 6 |  6.0
Poison Magic   | 4 5 6 |  6.0
Fighting       | 1 2 3 |  3.9
Stealth        | 2 3 4 |  4.0
Dodging        | 3 4 5 |  5.0

Action                     |  1- 3 |  4- 6 |  7- 9 || total
---------------------------+-------+-------+-------++-------
  Melee: Dagger            |       |     1 |       ||     1
   Cast: Magic Dart        |    60 |   108 |    99 ||   267
         Searing Ray       |     1 |    11 |    18 ||    30
         Fulminant Prism   |       |     2 |     9 ||    11
    Use: Scroll            |     3 |     6 |     2 ||    11
         Potion            |       |     1 |     1 ||     2
 Armour: Robe              |     6 |    20 |    42 ||    68
  Dodge: Dodged            |     3 |    29 |    23 ||    55

Table legend: (Time is in decaauts)
 A = Elapsed time spent in this place.
 B = Non-inter-level travel time spent in this place.
 C = Inter-level travel time spent in this place.
 D = Time resting spent in this place.
 E = Time spent auto-exploring this place.
 F = Levels seen in this place.
 G = Mean time per level.
                   A        B        C        D        E       F      G
               +--------+--------+--------+--------+--------+-----+--------+
         Total |   5002 |   4784 |    218 |   1026 |   2826 |   6 |  833.7 |
       Dungeon |   4374 |   4156 |    218 |    733 |   2673 |   5 |  874.8 |
         Sewer |    627 |    627 |      0 |    293 |    153 |   1 |  627.0 |
               +--------+--------+--------+--------+--------+-----+--------+

Top non-repeatable levels by time:
     D:4: 1269 daAuts
     D:3: 1181 daAuts
     D:1: 830 daAuts
     D:2: 633 daAuts
   Sewer: 627 daAuts
     D:5: 460 daAuts
